 Dungeon Crawl Stone Soup version 0.26-a0-540-g8a0c9464d7 (webtiles) character file.

Game seed: 17668346546368551311

73 Apogee the Skirmisher (level 4, -4/37 HPs)
             Began as a Formicid Abyssal Knight on Aug 21, 2020.
             Was a Believer of Lugonu.
             Killed from afar by an orc (26 damage)
             ... with a bolt of acid
             ... on level 3 of the Dungeon.
             The game lasted 00:03:19 (2020 turns).

Apogee the Skirmisher (Formicid Abyssal Knight)     Turns: 2020, Time: 00:03:19

Health: -4/37      AC:  8    Str: 18    XL:     4   Next: 51%
Magic:  6/6        EV:  9    Int: 11    God:    Lugonu [**....]
Gold:   144        SH:  0    Dex: 13    Spells: 3/3 levels left

rFire    . . .     SeeInvis +   a - +1 hand axe
rCold    . . .     Faith    .   (no shield)
rNeg     . . .     Spirit   .   q - +0 scale mail
rPois    .         Reflect  .   (helmet unavailable)
rElec    .         Harm     +   g - scarf {harm}
rCorr    .                      m - +1 pair of gloves {Dex+3}
MR       .....                  (no boots)
Stlth    ..........             (no amulet)
HPRegen  0.12/turn              (no ring)
MPRegen  0.10/turn              (no ring)

@: no status effects
A: permanent stasis, dig shafts and tunnels, four strong arms, antennae 3
a: Dig, Shaft Self, Depart the Abyss, Bend Space, Renounce Religion


You were on level 3 of the Dungeon.
You worshipped Lugonu.
Lugonu was pleased with you.
You visited 1 branch of the dungeon, and saw 3 of its levels.
You visited the Abyss 1 time.

You collected 144 gold pieces.

Inventory:

Hand Weapons
 a - a +1 hand axe (weapon)
 d - a +0 club
   (You took it off a goblin on level 1 of the Dungeon)
Missiles
 c - 4 atropa-tipped darts (quivered)
Armour
 b - a +0 leather armour
 g - a scarf of harm (worn)
   (You found it on level 1 of the Dungeon)
 m - a +1 pair of gloves of dexterity (worn)
   (You found it on level 2 of the Dungeon)
 o - a +0 pair of gloves
   (You found it on level 2 of the Dungeon)
 q - a +0 scale mail (worn)
   (You took it off a hobgoblin on level 2 of the Dungeon)
Scrolls
 e - 5 scrolls of identify {unknown}
 f - 2 scrolls of remove curse {unknown}
 k - a scroll of amnesia {unknown}
 l - a scroll of enchant weapon {unknown}
 p - a scroll of fear {unknown}
 r - a scroll of enchant armour {unknown}
Potions
 h - 2 potions of heal wounds {unknown}
 i - a potion of stabbing {unknown}
 j - a potion of brilliance {unknown}
 n - a potion of berserk rage {unknown}


   Skills:
 + Level 3.7 Fighting
 * Level 3.2 Axes
 + Level 2.9 Armour
 - Level 0.8 Dodging
 + Level 3.0 Invocations


You had 3 spell levels left.
You didn't know any spells.
Your spell library was empty.

Dungeon Overview and Level Annotations

Branches:
Dungeon (3/15)

Altars:
Dithmenos

Annotations:
D:3 Ijyb


Innate Abilities, Weirdness & Mutations

You cannot be hasted, slowed, berserked, paralysed or teleported.
You can dig through walls and to a lower floor.
Your four strong arms can wield two-handed weapons with a shield.
You have a pair of large antennae on your head. (SInv)


Message History

You hear the sound of rushing water.
There is an entrance to a sewer on this level.
Hurry and find it before the portal rusts away!
Level annotation: Ijyb A worm comes into view.
Found 30 gold pieces.
There is a stone staircase leading up here.
The worm bites you!
You barely miss the worm. You hit the worm. The worm closely misses you.
You hit the worm but do no damage. The worm bites you.
You hit the worm.
Your scale mail prevents you from hitting the worm.
The worm bites you!
You hit the worm. The worm bites you.
* * * LOW HITPOINT WARNING * * *
You are too injured to fight recklessly!
You are too injured to fight recklessly!
You are too injured to fight recklessly!
You are too injured to fight recklessly!
You slash the worm! You barely miss the worm. The worm bites you.
* * * LOW HITPOINT WARNING * * *
You barely miss the worm. The worm barely misses you.
You hit the worm.
You kill the worm!
Lugonu accepts your kill.
Your Invocations skill increases to level 3!
You start resting.
You hear the slow rusting of a very distant drain.
You sense a monster nearby.
An orc comes into view.
It is wielding a +2 war axe of electrocution.
The orc shouts!
You hear a shout! x3
Found 12 gold pieces.
An orc comes into view. It is wielding a +0 whip.
The orc shouts!
You hear a shout!
You barely miss the orc.
An orc comes into view.
It is wielding a +0 short sword and carrying a wand of acid (12).
The orc hits you but does no damage.
An orc comes into view. It is wielding a +0 club.
You closely miss the orc.
The orc shouts! x2; You hear a shout!
The orc hits you but does no damage.
You slash the orc!
You kill the orc!
Lugonu accepts your kill.
An orc comes into view. It is wielding a +0 whip.
The orc zaps a wand.
The bolt of acid hits you!!
Ouch! That really hurt!
You die...

...# ...# # .$.#
###. ...#
....#######...####
#.......<.......
#...†.......#...
#.......$.......
#.###@##........ #
#)####.....# ...
..#... .....
...... {{..#o###
#.#### #o.#.#
...#$# ##o #.#


You could see 3 orcs.

Vanquished Creatures
  2 adders (D:2)
  3 worms
  2 dart slugs (D:1)
  A leopard gecko (D:1)
  An orc (D:3)
  2 giant cockroaches
  6 goblins
  4 hobgoblins
  6 kobolds
  A quokka (D:2)
  A ball python (D:2)
  7 bats
  2 frilled lizards (D:2)
  6 rats
44 creatures vanquished.

Notes
Turn   | Place    | Note
-------+----------+-------------------------------------------
     0 | Abyss:1  | Apogee the Formicid Abyssal Knight began the quest for the
                  | Orb.
     0 | Abyss:1  | Reached XP level 1. HP: 18/18 MP: 2/2
    45 | D:1      | Escaped the Abyss
   251 | D:1      | Reached XP level 2. HP: 20/24 MP: 3/3
   714 | D:1      | Reached XP level 3. HP: 29/29 MP: 4/4
   820 | D:2      | Reached ** piety under Lugonu
  1339 | D:2      | Reached XP level 4. HP: 33/37 MP: 6/6
  1562 | D:2      | Found a shadowy altar of Dithmenos.
  1934 | D:3      | Noticed Ijyb
  2020 | D:3      | Killed from afar by an orc

Illustrated notes

Levels and vault maps discovered:
D:1:      psy_arrival_dodecagon, layout_loops_ring,
          hangedman_decor_clover_reticule, minivault_23
D:2:      layout_loops_cross, nicolae_dithmenos_through_a_glass_darkly
D:3:      layout_basic, cheibrodos_sewer_entry_bend, uniq_ijyb

Skill      XL: |  1  2  3  4 |
---------------+-------------+-----
Axes           | 3 |  3.2
Invocations    | 3 |  3.0
Fighting       | |  3.7
Armour         | |  2.9
Dodging        | |  0.8

Action                   |  1- 3 |  4- 6 || total
-------------------------+-------+-------++-------
Melee: Hand axe          |    86 |    47 ||   133
Invok: Bend Space        |       |     1 ||     1
  Use: Scroll            |     1 |       ||     1
Armor: Leather armour    |    26 |     3 ||    29
       Scale mail        |       |    20 ||    20
Dodge: Dodged            |    54 |    27 ||    81

Table legend: (Time is in decaauts)
 A = Elapsed time spent in this place.
 B = Non-inter-level travel time spent in this place.
 C = Inter-level travel time spent in this place.
 D = Time resting spent in this place.
 E = Time spent auto-exploring this place.
 F = Levels seen in this place.
 G = Mean time per level.
                   A        B        C        D        E       F      G
               +--------+--------+--------+--------+--------+-----+--------+
         Total |   2041 |   1963 |     78 |    220 |   1352 |   4 |  510.2 |
       Dungeon |   1996 |   1918 |     78 |    220 |   1352 |   3 |  665.3 |
         Abyss |     45 |     45 |      0 |      0 |      0 |   1 |   45.0 |
               +--------+--------+--------+--------+--------+-----+--------+

Top non-repeatable levels by time:
     D:2: 1147 daAuts
     D:1: 776 daAuts
     D:3: 73 daAuts
 Abyss:1: 45 daAuts
